 Dungeon Crawl Stone Soup version 0.30.1-9-gdf580d7c3d (webtiles) character file.

Game seed: 445918163380168014

88041 boopmooplesden the Impaler (level 15, -3/125 HPs)
             Began as a Minotaur Fighter on Sept 27, 2023.
             Was the Champion of Trog.
             Constricted to death by Jorgrun (9 damage)
             ... on level 1 of the Spider Nest.
             The game lasted 00:39:20 (21980 turns).

boopmooplesden the Impaler (Minotaur Fighter)      Turns: 21980, Time: 00:39:21

Health: -3/125     AC: 29    Str: 27    XL:     15   Next: 45%
Magic:  1/14       EV:  6    Int:  5    God:    Trog [******]
Gold:   2784       SH:  0    Dex: 11    Spells: 14/14 levels left

rFire   . . .        b - +5 Lochaber axe {reach-cleave, Poleaxe Drain}
rCold   + . .        (shield currently unavailable)
rNeg    . . .        B - +4 plate armour
rPois   +            (helmet restricted)
rElec   +            F - +2 cloak of the King of the Hill {rElec}
rCorr   .            (no gloves)
SInv    +            S - +3 pair of mountain boots {steadfast, rC+}
Will    ++...        P - amulet of regeneration Stlth
                     H - ring of poison resistance
HPRegen 1.20/turn    l - ring of see invisible
MPRegen 0.14/turn

%: no passive effects
@: confused, grasped by roots, constricted
A: horns 2, retaliatory headbutt, frail 1, strong-willed 1, evolution 1
a: Renounce Religion, Berserk, Trog's Hand, Brothers in Arms


You were on level 1 of the Spider Nest.
You worshipped Trog.
Trog was exalted by your worship.
You visited 5 branches of the dungeon, and saw 24 of its levels.
You also visited: Sewer, Bailey and Gauntlet.

You collected 2784 gold pieces.

Inventory:

Hand Weapons
 a - a +5 war axe of flaming
 b - the +5 Lochaber axe (weapon) {reach-cleave, Poleaxe Drain}
   (You found it on level 1 of the Lair of Beasts)

   Poleaxe:   It uses either Axes or Polearms skill, whichever is higher.
   Drain:     It drains your maximum health when unequipped.
 m - the +8 flail of Bloodstone {freeze, rPois rF+ rCorr Str+4}
   (You found it in a Gauntlet)

   Str:       It affects your strength (+4).
   rF:        It protects you from fire.
   rPois:     It protects you from poison.
   rCorr:     It protects you from acid and corrosion.
 C - the +10 spear of Loson {venom, rF+ rN+ Int+3}
   (You found it on level 7 of the Dungeon)

   Int:       It affects your intelligence (+3).
   rF:        It protects you from fire.
   rN:        It protects you from negative energy.
 I - a +2 trident of protection
Missiles
 o - 28 boomerangs (quivered)
 v - 9 javelins
 J - 4 throwing nets
Armour
 B - a +4 plate armour (worn)
 F - the +2 cloak of the King of the Hill (worn) {rElec}
   (You acquired it on level 7 of the Dungeon)

   rElec:     It insulates you from electricity.
 S - the +3 pair of mountain boots (worn) {steadfast, rC+}
   (You found it in a Gauntlet)

   Steadfast: It prevents involuntary movement, except for blinking,
   teleportation, or banishment.
   rC:        It protects you from cold.
 V - a +2 buckler
Jewellery
 c - a ring of ice
 l - a ring of see invisible (right hand)
 x - a +4 ring of slaying
 z - a +5 ring of evasion
 H - a ring of poison resistance (left hand)
 K - an amulet of reflection
 P - an amulet of regeneration (around neck)
 W - a +6 ring of intelligence
Wands
 p - a wand of flame (58)
 t - a wand of charming (23)
 u - a wand of iceblast (9)
 L - a wand of mindburst (16)
 N - a wand of polymorph (5)
 T - a wand of light (8)
 X - a wand of digging (6)
Scrolls
 h - 7 scrolls of teleportation
 k - 6 scrolls of blinking
 w - a scroll of enchant weapon
 y - a scroll of summoning
 G - 6 scrolls of identify
 M - 2 scrolls of brand weapon
 Q - a scroll of magic mapping
 R - 3 scrolls of fear
 U - a scroll of silence
 Z - 4 scrolls of poison
Potions
 d - 3 potions of invisibility
 e - 6 potions of mutation
 f - 6 potions of flight
 g - 8 potions of cancellation
 i - 14 potions of curing
 j - a potion of berserk rage
 n - 2 potions of resistance
 q - a potion of ambrosia
 r - 3 potions of magic
 A - 3 potions of heal wounds
 D - 5 potions of brilliance
 E - 5 potions of haste
Miscellaneous
 s - a condenser vane
 Y - a lightning rod (4/4)


   Skills:
 + Level 14.9 Fighting
 + Level 10.0(16.2) Axes
 + Level 20.0(20.8) Polearms
 + Level 0.1 Throwing
 + Level 15.9 Armour
 + Level 4.7 Dodging
 + Level 3.0 Stealth
 + Level 11.4 Shields
 + Level 0.5 Unarmed Combat


You had 14 spell levels left.
You didn't know any spells.
Your spell library contained the following spells:

 Spells                   Type           Power      Damage    Failure   Level
 Apportation              Tloc           0%         N/A       97%         1
 Necrotise                Necr           0%         1d4       97%         1
 Summon Small Mammal      Summ           0%         N/A       97%         1
 Portal Projectile        Hex/Tloc       0%         N/A       100%        3
 Tukima's Dance           Hex            0%         N/A       100%        3
 Blade Hands              Tmut           0%         N/A       100%        5


Dungeon Overview and Level Annotations

Branches:
Dungeon (15/15)            Temple (1/1) D:6            Lair (5/5) D:9
 Shoals (0/4) Lair:3       Spider (1/4) Lair:2        Slime (0/5) Lair:4
    Orc (2/2) D:11            Elf (0/3) Orc:2        Vaults (0/5) D:14
 Depths (0/4) D:15          Sewer (visited)          Bailey (visited)
Gauntlet (visited)

Altars:
Cheibriados
Dithmenos
Elyvilon
Gozag
Kikubaaqudgha
Makhleb
Nemelex Xobeh
Ru
Sif Muna
Trog
Uskayaw
Vehumet
Wu Jian
Xom
Zin
The Shining One

Shops:
D:1 :   D:4 ?   D:8 *   D:11 !   D:15 *   Orc:1 *   Orc:2 **!:

Annotations:
D:6 exclusion: statue
Spider:1 Jorgrun


Innate Abilities, Weirdness & Mutations

You have a pair of horns on your head.
You reflexively headbutt those who attack you in melee.
You are frail. (-10% HP)
You are strong-willed. (Will+)
You have hidden genetic potential.


Message History

You hear a faint skittering sound. x5
A culicivora comes into view.
You hit Jorgrun but do no damage. Your headbutt misses Jorgrun.
Jorgrun is severely wounded.
Jorgrun casts a spell at you.
Roots burst forth from the earth!
The grasping roots grab you! The grasping roots constrict you!
You closely miss Jorgrun.
Jorgrun is severely wounded.
A redback comes into view.
Jorgrun hits you with a staff of earth! The grasping roots constrict you.
You slash Jorgrun! Your headbutt misses Jorgrun.
Jorgrun is almost dead.
You barely miss the tarantella. You slice the steelbarb worm!!
Jorgrun says, "May tha earth consume ye!"
Jorgrun hits you with a staff of earth. Jorgrun shatters you.
The grasping roots constrict you. The tarantella touches you!
* * * LOW HITPOINT WARNING * * *
You are confused.
The roots grasp on you weakens, but your attempt to escape fails.
A redback comes into view.
The steelbarb worm hits you but does no damage.
A redback comes into view.
Jorgrun points at you and mumbles some strange words.
The iron shot hits you!!
* * * LOW HITPOINT WARNING * * *
The grasping roots constrict you!
* * * LOW HITPOINT WARNING * * *
The steelbarb worm hits you but does no damage.
You closely miss the wolf spider. You barely miss the redback.
You slice the steelbarb worm!! You miss Jorgrun.
You closely miss the tarantella.
The redback bites you but does no damage.
The wolf spider hits you but does no damage.
The wolf spider bites you but does no damage.
An orb spider comes into view.
The steelbarb worm hits you but does no damage.
Jorgrun hits you but does no damage. The grasping roots constrict you!
You die...

#...#..##......
##..............
...............
#.......s.ss..
#............
####..........
#....s<.# .
##...#s#^.....
#..†@ss.......
......wgs...#..#.
#.........#......
#.#...........#.#
# #.#...#........
##....^.......
#^.........#
............


You could see Jorgrun, a steelbarb worm, a wolf spider, an orb spider, 2
culicivoras, a tarantella and 3 redbacks.

Vanquished Creatures
  A ghost moth (Spider:1)
  An orc warlord (Orc:2)
  A minotaur (Gauntlet)
  An ettin (D:15)
  Snorg (Lair:5)
  Josephine (Lair:5)
  The ghost of Esagim the Imperceptible, a journeyman SpEn of Dithmenos (D:15)
  A yaktaur captain (D:15)
  Fannar (D:11)
  2 rakshasas (D:15)
  Harold (Lair:1)
  An ogre mage (D:14)
  2 hydras
  A catoblepas (Lair:4)
  Erica (Lair:1)
  A boulder beetle (D:14)
  6 centaur warriors
  5 two-headed ogres
  A deep troll earth mage (D:15)
  6 orc high priests (Orc:2)
  6 death yaks (Lair:5)
  3 tengu warriors
  2 skysharks (Lair:5)
  The ghost of laqueoix the Basher, a novice DsGl of Okawaru (D:8)
  A sixfirhy (Gauntlet)
  A fire crab (Lair:5)
  A deep troll (D:15)
  A deep elf archer (D:15)
  4 lindwurms (Lair:3)
  2 necromancers (D:15)
  6 orc knights
  3 harpies (Lair:3)
  A wizard (D:9)
  2 deep elf pyromancers
  3 wolf spiders
  5 ugly things (D:15)
  A faun (shapeshifter) (D:15)
  A manticore (D:14)
  2 orc sorcerers
  5 cyclopes
  A moth of wrath (Gauntlet)
  An oklob plant (Orc:2)
  Maurice (D:12)
  8 elephants
  A guardian serpent (Lair:5)
  8 black mambas
  2 unseen horrors (D:11)
  A gargoyle (D:10)
  13 cane toads
  A rime drake (Lair:5)
  3 kobold demonologists (D:12)
  3 tengu conjurers
  6 komodo dragons
  A komodo dragon (shapeshifter) (D:13)
  5 trolls
  4 polar bears
  2 hornets (Lair:5)
  10 blink frogs
  10 slime creatures
  3 shadows
  4 wraiths
  4 flying skulls (Gauntlet)
  12 wyverns
  19 yaks
  3 steam dragons
  4 basilisks
  A neqoxec (Gauntlet)
  2 redbacks (Lair:5)
  2 chaos spawn (Gauntlet)
  Grum (Lair:1)
  A warg (Orc:1)
  15 water moccasins
  44 orc warriors
  2 black bears (D:5)
  10 ogres
  9 centaurs
  16 wolves
  A phantom (D:6)
  6 kobold brigands
  16 bullfrogs
  7 scorpions
  2 gnoll sergeants (D:8)
  15 killer bees
  5 howler monkeys
  A crimson imp (D:9)
  16 jellies
  Crazy Yiuf (D:4)
  3 hounds
  2 gnoll boudas
  35 orc priests
  2 sleepcaps (D:5)
  8 iguanas
  17 orc wizards
  10 hell rats
  18 gnolls
  10 adders
  2 river rats
  2 white imps
  4 ufetubi
  10 worms
  3 dart slugs
  93 orcs
  13 ball pythons
  8 endoplasms
  6 giant cockroaches
  7 goblins
  8 hobgoblins
  4 jackals (D:2)
  4 quokkas
  4 bats
  A frilled lizard (D:1)
  15 kobolds
  10 rats
689 creatures vanquished.

Vanquished Creatures (others)
  An orc priest (Orc:1)
  An orc (Orc:1)
2 creatures vanquished.

Grand Total: 691 creatures vanquished

Notes
Turn   | Place    | Note
-------+----------+-------------------------------------------
     0 | D:1      | boopmooplesden the Minotaur Fighter began the quest for the
                  | Orb.
     0 | D:1      | Reached XP level 1. HP: 19/19 MP: 0/0
   136 | D:1      | Reached XP level 2. HP: 27/27 MP: 1/1
   303 | D:1      | Reached XP level 3. HP: 33/33 MP: 2/2
   675 | D:1      | Found Qusiyf's Vocational Training.
   963 | D:2      | Reached XP level 4. HP: 40/40 MP: 3/3
  1220 | D:2      | Found a faded altar of an unknown god.
  2213 | D:4      | Found Igowumud's Magic Scroll Shoppe.
  2238 | D:4      | Reached XP level 5. HP: 45/47 MP: 4/4
  2292 | D:4      | Found an ornate altar of the Wu Jian Council.
  2675 | D:4      | Reached skill level 5 in Shields
  2813 | D:4      | Reached skill level 5 in Axes
  2813 | D:4      | Reached skill level 5 in Armour
  2813 | D:4      | Reached XP level 6. HP: 28/53 MP: 5/5
  2934 | D:4      | Found a runed translucent door.
  2935 | D:4      | Noticed Crazy Yiuf
  2941 | D:4      | Killed Crazy Yiuf
  3226 | D:5      | Entered Level 5 of the Dungeon
  3235 | D:5      | Found a sparkling altar of Nemelex Xobeh.
  3307 | D:5      | Noticed a yak
  3307 | D:5      | Noticed a yak
  3308 | D:5      | Noticed a yak
  3309 | D:5      | Noticed a yak
  3309 | D:5      | Noticed a yak
  3355 | D:5      | Reached XP level 7. HP: 60/60 MP: 6/6
  3531 | D:5      | Reached skill level 5 in Fighting
  3581 | D:5      | Reached skill level 1 in Dodging
  3658 | D:5      | Found a glowing drain.
  3677 | Sewer    | Entered a sewer
  4332 | Sewer    | Reached XP level 8. HP: 54/69 MP: 7/7
  4697 | D:6      | Found a staircase to the Ecumenical Temple.
  4712 | Temple   | Entered the Ecumenical Temple
  4717 | Temple   | Became a worshipper of Trog the Wrathful
  4937 | D:6      | Found a white marble altar of Elyvilon.
  5281 | D:6      | Found an ancient bone altar of Kikubaaqudgha.
  5725 | D:6      | Found a radiant altar of Vehumet.
  5987 | D:7      | Reached XP level 9. HP: 40/77 MP: 8/8
  6073 | D:7      | Found a flagged portal.
  6105 | D:7      | Identified the +10 spear of Loson {venom, rF+ rN+ Int+3}
  6116 | Bailey   | Entered a bailey
  6140 | Bailey   | Reached * piety under Trog
  6481 | Bailey   | Reached skill level 1 in Stealth
  6553 | Bailey   | Reached skill level 1 in Polearms
  6810 | Bailey   | Noticed an orc knight
  6834 | Bailey   | Killed an orc knight
  6835 | Bailey   | Reached skill level 10 in Axes
  6835 | Bailey   | Reached skill level 2 in Polearms
  6936 | D:7      | Acquired the +2 cloak of the King of the Hill {rElec}
  7053 | D:7      | Identified the staff of fire "Asmat" {rPois rF+ rC+ Int+3}
  7126 | D:7      | Reached skill level 3 in Polearms
  7319 | D:8      | Found Lohiwudd's General Store.
  7452 | D:8      | Reached XP level 10. HP: 83/86 MP: 9/9
  7567 | D:8      | Found a burning altar of Makhleb.
  7602 | D:8      | Reached skill level 4 in Polearms
  7714 | D:8      | Found a large runed translucent door.
  7714 | D:8      | Found a large runed translucent door.
  7896 | D:8      | Noticed laqueoix's ghost (novice DsGl)
  7914 | D:8      | Killed laqueoix's ghost
  7914 | D:8      | Reached ** piety under Trog
  7915 | D:8      | Reached skill level 10 in Armour
  7963 | D:9      | Reached skill level 5 in Polearms
  7972 | D:9      | Found a snail-covered altar of Cheibriados.
  8143 | D:9      | Reached skill level 6 in Polearms
  8206 | D:9      | Noticed a +0 dagger
  8207 | D:9      | Noticed a +0 hand axe
  8302 | D:9      | Found a hide-covered altar of Uskayaw.
  8381 | D:9      | Noticed a wizard
  8391 | D:9      | Killed a wizard
  8452 | D:9      | Found a glowing golden altar of the Shining One.
  8581 | D:9      | Found a shimmering blue altar of Sif Muna.
  8778 | D:9      | Found a staircase to the Lair.
  9051 | D:10     | Entered Level 10 of the Dungeon
  9223 | D:10     | Noticed a gargoyle
  9234 | D:10     | Killed a gargoyle
  9235 | D:10     | Reached skill level 7 in Polearms
  9359 | D:10     | Found a sacrificial altar of Ru.
  9381 | D:10     | Noticed a two-headed ogre
  9390 | D:10     | Killed a two-headed ogre
  9477 | D:10     | Reached XP level 11. HP: 95/95 MP: 10/10
  9502 | D:10     | Reached *** piety under Trog
  9515 | D:10     | Reached skill level 8 in Polearms
  9777 | D:11     | Found Erotoneo's Distillery.
  9786 | D:11     | You fall into a shaft and drop 2 floors!
 10146 | D:13     | Reached skill level 9 in Polearms
 10238 | D:13     | Noticed a centaur warrior
 10254 | D:13     | Killed a centaur warrior
 10617 | D:12     | Noticed a deep elf pyromancer
 10628 | D:12     | Killed a deep elf pyromancer
 10773 | D:12     | Noticed a sun demon
 10920 | D:12     | Noticed a tengu warrior
 10954 | D:12     | Killed a tengu warrior
 11032 | D:12     | Noticed a two-headed ogre
 11041 | D:12     | Killed a two-headed ogre
 11042 | D:12     | Reached skill level 10 in Polearms
 11042 | D:12     | Reached XP level 12. HP: 106/106 MP: 11/11
 11061 | D:12     | Noticed Maurice
 11069 | D:12     | Killed Maurice
 11594 | D:11     | Reached skill level 10 in Shields
 11598 | D:11     | Noticed Fannar
 11616 | D:11     | Killed Fannar
 11946 | D:11     | Found a glowing silver altar of Zin.
 11949 | D:11     | Found a white marble altar of Elyvilon.
 11949 | D:11     | Found a glowing silver altar of Zin.
 11951 | D:11     | Found a shimmering blue altar of Sif Muna.
 11951 | D:11     | Found a shimmering altar of Xom.
 11951 | D:11     | Found a shimmering altar of Xom.
 12008 | D:11     | Reached skill level 10 in Fighting
 12014 | D:11     | Noticed a two-headed ogre
 12021 | D:11     | Killed a two-headed ogre
 12037 | D:11     | Reached **** piety under Trog
 12069 | D:11     | Found a staircase to the Orcish Mines.
 12354 | Lair:1   | Entered Level 1 of the Lair of Beasts
 12354 | Lair:1   | Noticed Grum
 12364 | Lair:1   | Killed Grum
 12417 | Lair:1   | Noticed Harold
 12437 | Lair:1   | Killed Harold
 12613 | Lair:1   | Noticed Erica
 12633 | Lair:1   | HP: 8/165 [Erica/+3 scimitar of flaming (7)]
 12637 | Lair:1   | HP: 3/110 [poisoned by Erica (bolt of poison)]
 12654 | Lair:1   | Killed Erica
 12918 | Lair:1   | Found the +5 Lochaber axe {reach-cleave, Poleaxe Drain}
 13402 | Lair:2   | Reached skill level 11 in Polearms
 13472 | Lair:2   | Noticed a four-headed hydra
 13482 | Lair:2   | Killed a ten-headed hydra
 13590 | Lair:2   | Found a hole to the Spider Nest.
 13688 | Lair:2   | Reached XP level 13. HP: 94/117 MP: 12/12
 13691 | Lair:2   | Reached skill level 12 in Polearms
 14303 | Lair:3   | Found a staircase to the Shoals.
 14596 | Lair:3   | Reached ***** piety under Trog
 15068 | Lair:3   | Identified the staff of cold "Ylygal" {rElec rPois rC+
                  | Will- Dex+3}
 15141 | Lair:4   | Found a staircase to the Slime Pits.
 15224 | Lair:4   | Reached skill level 13 in Polearms
 16142 | Lair:5   | Entered Level 5 of the Lair of Beasts
 16161 | Lair:5   | Reached skill level 14 in Polearms
 16170 | Lair:5   | Reached skill level 15 in Polearms
 16206 | Lair:5   | Received a gift from Trog
 16423 | Lair:5   | Noticed Josephine
 16432 | Lair:5   | Killed Josephine
 16496 | Lair:5   | Noticed Snorg
 16502 | Lair:5   | Killed Snorg
 16503 | Lair:5   | Reached XP level 14. HP: 129/129 MP: 13/13
 16611 | Lair:5   | Gained mutation: You have hidden genetic potential. [potion
                  | of mutation]
 16611 | Lair:5   | Gained mutation: You passively dampen the noise of your
                  | surroundings. [potion of mutation]
 16611 | Lair:5   | Lost mutation: You passively dampen the noise of your
                  | surroundings. [potion of mutation]
 16702 | Lair:5   | Reached skill level 15 in Armour
 16985 | Lair:5   | Reached skill level 16 in Polearms
 17715 | Orc:1    | Entered Level 1 of the Orcish Mines
 17994 | D:14     | Found a gate leading to a gauntlet.
 18010 | Gauntlet | Entered a Gauntlet
 18010 | Gauntlet | Found a transporter.
 18010 | Gauntlet | Found a transporter.
 18010 | Gauntlet | Found a transporter.
 18017 | Gauntlet | Found a transporter.
 18018 | Gauntlet | Found a transporter.
 18019 | Gauntlet | Found a large runed translucent door.
 18020 | Gauntlet | Found a large runed translucent door.
 18021 | Gauntlet | Found a large runed translucent door.
 18021 | Gauntlet | Found a large runed translucent door.
 18021 | Gauntlet | Found a runed translucent door.
 18021 | Gauntlet | Found a runed translucent door.
 18022 | Gauntlet | Found a large runed translucent door.
 18022 | Gauntlet | Found a large runed translucent door.
 18022 | Gauntlet | Found a large runed translucent door.
 18022 | Gauntlet | Found a large runed translucent door.
 18023 | Gauntlet | Found a large runed translucent door.
 18024 | Gauntlet | Found a large runed translucent door.
 18036 | Gauntlet | Found a transporter.
 18046 | Gauntlet | Found a large runed translucent door.
 18046 | Gauntlet | Found a large runed translucent door.
 18047 | Gauntlet | Found a large runed translucent door.
 18047 | Gauntlet | Found a large runed translucent door.
 18047 | Gauntlet | Found a large runed translucent door.
 18116 | Gauntlet | Found the +3 pair of mountain boots {steadfast, rC+}
 18116 | Gauntlet | Found a transporter.
 18151 | Gauntlet | Found a transporter.
 18162 | Gauntlet | Found a transporter.
 18167 | Gauntlet | Found a transporter.
 18168 | Gauntlet | Found a large runed translucent door.
 18175 | Gauntlet | Identified the +8 flail of Bloodstone {freeze, rPois rF+
                  | rCorr Str+4}
 18183 | Gauntlet | Found a runed translucent gate.
 18184 | Gauntlet | Found a runed translucent gate.
 18184 | Gauntlet | Found a transporter.
 18185 | Gauntlet | Found a runed translucent gate.
 18199 | Gauntlet | Gained mutation: You are frail. (-10% HP) [a neqoxec]
 18202 | Gauntlet | Reached skill level 17 in Polearms
 18247 | Gauntlet | Found a transporter.
 18426 | D:14     | Found a gate to the Vaults.
 19260 | D:15     | Entered Level 15 of the Dungeon
 19289 | D:15     | Found a runed translucent gate.
 19289 | D:15     | Found a runed translucent gate.
 19292 | D:15     | Found a runed translucent gate.
 19292 | D:15     | Found an opulent altar of Gozag.
 19293 | D:15     | Noticed Esagim's ghost (journeyman SpEn)
 19294 | D:15     | Found Dixzuefy's Assorted Antiques.
 19356 | D:15     | Reached skill level 18 in Polearms
 19865 | D:15     | Received a gift from Trog
 20094 | D:15     | Found a staircase to the Depths.
 20456 | D:15     | Killed Esagim's ghost
 20458 | D:15     | Reached XP level 15. HP: 125/125 MP: 14/14
 20467 | D:15     | Gained mutation: You are strong-willed. (Will+) [hidden
                  | potential]
 20610 | Orc:2    | Entered Level 2 of the Orcish Mines
 20699 | Orc:2    | Reached skill level 19 in Polearms
 20838 | Orc:2    | Found a staircase to the Elven Halls.
 21082 | Orc:2    | Found Kozijad's Distillery.
 21082 | Orc:2    | Found Idatoh's Book Boutique.
 21083 | Orc:2    | Found Sefoczi's General Store.
 21083 | Orc:2    | Found Cuvaympu's General Store.
 21437 | Orc:1    | Reached ****** piety under Trog
 21542 | Orc:1    | Found Golyubyf's Assorted Antiques.
 21964 | Spider:1 | Entered Level 1 of the Spider Nest
 21964 | Spider:1 | Noticed Jorgrun
 21971 | Spider:1 | Reached skill level 20 in Polearms
 21979 | Spider:1 | HP: 5/125 [constriction (13)]
 21980 | Spider:1 | Constricted to death by Jorgrun

Illustrated notes

Levels and vault maps discovered:
D:1:      grunt_arrival_crossed_arrows, layout_loops_ring,
          minmay_misc_feat_doors, chequers_serial_rivers_micro_b,
          nicolae_shop_vocational
D:2:      layout_loops_ring, shapermc_ecumenical_altar_notcrosses
D:3:      layout_basic
D:4:      layout_basic, nzn_wu_jian_contemplation,
          chequers_serial_rivers_room_a, nicolae_inconvenience_store,
          uniq_crazy_yiuf_cottage
D:5:      layout_cave_pools, mainiacjoe_overflow_small_starburst,
          portal_sewer_entry_a, minmay_holes, minmay_misc_feat_tiny
D:6:      layout_layer_cave, nicolae_elyvilon_peaceful_grove,
          kiku_gazebo_pond_becter, vehumet_statue, minmay_temple_entry_crystal_x
D:7:      layout_rooms, enter_bailey_2
D:8:      layout_basic, mainiacjoe_overflow_concentric_impassable,
          ebering_ghost_disaster_area, serial_shops, nicolae_shop_peninsula,
          grunt_decor_resistance
D:9:      layout_stronghold, dancing_weapons_uskayaw, lemuel_blue_sif_altar,
          lemuel_doored_altar, old_standard_altar,
          grunt_lair_entry_orc_guard_hut, lightli_wizard_tower
D:10:     layout_basic, mainiacjoe_overflow_alcove_2
D:11:     layout_layer_cave, erik_orc_3, serial_shops, nicolae_shop_peninsula,
          doesnt_xom_only_xom, uniq_fannar
D:12:     layout_stronghold, uniq_maurice
D:13:     layout_long_grid
D:14:     layout_basic, david_vaults_2, hex_medium, gauntlet_entry_generic,
          corexii_leaking_fountain
D:15:     hangedman_depths_entry_civil_slaughter, layout_gridville,
          chequers_serial_rivers_micro_e, ebering_ghost_gozag
Temple:   hellmonk_temple_of_storms
Lair:1:   layout_small_grid, infiniplex_staircase_pool, lemuel_fruit_tree,
          uniq_erica, uniq_grum, uniq_harold
Lair:2:   layout_loops_ring, nicolae_spider_entry_non_spiders,
          infiniplex_staircase_pool_2
Lair:3:   layout_gridlike, nicolae_shoals_entry_roost, minmay_lindwurm_lava
Lair:4:   layout_roguey, minmay_slime_entry_jelly_boxes, grunt_megastairs_2,
          serial_bayou_shore_b
Lair:5:   hangedman_lair_tendril_chambers, layout_regular_city, uniq_josephine,
          uniq_snorg
Spider:1: layout_spider_delve, uniq_jorgrun, uniq_asterion
Orc:1:    layout_caves, serial_shops, nicolae_shop_dealshenge
Orc:2:    st_orc_pillars, layout_caves, mines3_lemuel

Skill      XL: |  1  2  3  4  5  6  7  8  9 10 11 12 13 14 15 |
---------------+----------------------------------------------+-----
Shields        | 4 5 6 7 8 9 11 | 11.4
Armour         | 4 5 6 7 9 11 13 14 15 | 15.9
Axes           | 3 4 5 6 7 9 10 | 10.0
Fighting       | 4 5 6 7 8 9 11 13 14 | 14.9
Dodging        | 1 3 4 |  4.7
Stealth        | 2 3 |  3.0
Polearms       | 3 7 10 11 15 18 20 | 20.0
Throwing       | |  0.1
Unarmed Combat | |  0.5

Action                     |  1- 3 |  4- 6 |  7- 9 | 10-12 | 13-15 || total
---------------------------+-------+-------+-------+-------+-------++-------
  Melee: War axe           |    87 |   101 |   227 |       |       ||   415
         Headbutt          |    16 |    17 |    44 |   113 |   108 ||   298
         Spear             |       |       |   102 |   530 |       ||   632
         Lochaber axe      |       |       |       |    48 |   565 ||   613
         Unarmed           |       |       |       |    11 |       ||    11
  Throw: Boomerang         |       |       |       |     3 |       ||     3
 Invoke: Berserk           |       |       |     3 |     4 |    12 ||    19
         Trog's Hand       |       |       |       |     1 |     3 ||     4
         Brothers in Arms  |       |       |       |     1 |     1 ||     2
    Use: Scroll            |       |     4 |    11 |    11 |    15 ||    41
         Potion            |       |     1 |     2 |     5 |     4 ||    12
   Stab: Invisible         |       |       |     4 |       |       ||     4
 Armour: Scale mail        |    44 |    68 |   106 |       |       ||   218
         Plate armour      |       |       |    51 |   376 |   598 ||  1025
  Dodge: Dodged            |    39 |    64 |   144 |   239 |   338 ||   824
  Block: Buckler           |    21 |    38 |   100 |   173 |       ||   332
